 Dungeon Crawl Stone Soup version 0.26-a0-1035-g76280ab330 (webtiles) character file.

Game seed: 5512730683496023549

17 Dracia the Sneak (level 2, -7/24 HPs)
             Began as a Merfolk Delver on Dec 10, 2020.
             Mangled by an orc
             ... wielding a +0 war axe
              (8 damage)
             ... on level 5 of the Dungeon.
             The game lasted 00:00:53 (474 turns).

Dracia the Sneak (Merfolk Delver)                    Turns: 474, Time: 00:00:54

Health: -7/24      AC:  3    Str: 12    XL:     2   Next: 62%
Magic:  2/2        EV: 12    Int:  9    God:
Gold:   34         SH:  0    Dex: 15    Spells: 1/1 levels left

rFire    . . .     SeeInvis .   a - +0 spear
rCold    . . .     Faith    .   (no shield)
rNeg     . . .     Spirit   .   b - +0 leather armour
rPois    .         Reflect  .   (no helmet)
rElec    .         Harm     .   (no cloak)
rCorr    .         Rampage  .   (no gloves)
Will     .....                  (no boots)
Stlth    +++.......             (no amulet)
HPRegen  0.08/turn              (no ring)
MPRegen  0.08/turn              (no ring)

@: no status effects
A: change form in water, swift swim, stealthy swim
a: no special abilities


You were on level 5 of the Dungeon.
You visited 1 branch of the dungeon, and saw 1 of its levels.

You collected 34 gold pieces.


   Skills:
 - Level 3.2 Fighting
 + Level 3.9 Polearms
 - Level 2.6 Dodging
 + Level 5.9 Stealth


You had one spell level left.
You didn't know any spells.
Your spell library contained the following spells:

 Spells                   Type           Power        Failure   Level
 Animate Skeleton         Necr           #.....       45%         1
 Apportation              Tloc           #.....       45%         1
 Corona                   Hex            #......      45%         1
 Summon Small Mammal      Summ           #...         45%         1

Inventory:

Hand Weapons
 a - a +0 spear (weapon)
Missiles
 i - 29 poisoned darts (quivered)
Armour
 b - a +0 leather armour (worn)
Wands
 g - a wand of digging (3)
Scrolls
 c - a scroll of fog
 d - a scroll of magic mapping
 e - a scroll of fear
 h - a scroll of identify {unknown}
Potions
 f - a potion of haste {@q3@q3}
 j - a potion of curing {unknown}

Dungeon Overview and Level Annotations

Branches:
Dungeon (5/15)
 Temple: D:4-7

Altars:

####o........ ... #
##..#........# ...
#$#....#...#...# <#.
##......#........ ##
#........#.....## ..
#........##.#....#
.. ##....##..###
o#.## ..
##...#..#####o...#..
..
#.......##.@os....#
..
#..##...)..##......
.. ##
#.......##..#.# ..
## ##.#(.#...#.## .#
#..#.#.[###....#
#....#..# ..#.# .
#..#....###..#... .
##.##.#.##..## .## .
# ####....# .# .# #


You could see a scorpion, an orc priest and 2 orcs.


Message History

You hit the orc priest but do no damage.
The orc priest is lightly wounded.
The orc priest hits you but does no damage.
The orc closely misses you.
You barely miss the orc priest.
The orc priest is lightly wounded.
The orc priest invokes the aid of Beogh against you.
Beogh smites you!
* * * LOW HITPOINT WARNING * * *
The orc hits you with a +0 war axe.
* * * LOW HITPOINT WARNING * * *
You closely miss the orc priest.
The orc priest is lightly wounded.
The orc priest hits you with a +1 whip of electrocution.
* * * LOW HITPOINT WARNING * * *
The orc hits you with a +0 war axe.
* * * LOW HITPOINT WARNING * * *
You hit the orc priest.
The orc priest is moderately wounded.
The orc priest hits you with a +1 whip of electrocution.
* * * LOW HITPOINT WARNING * * *
You hit the orc priest.
The orc priest is moderately wounded.
The orc closely misses you.
The orc priest calls upon Beogh to heal the orc.
The orc's wounds heal themselves!
You hit the orc priest.
The orc priest is heavily wounded.
The orc hits you with a +0 war axe!
You die...

Action                   || total
-------------------------++-------
Melee: Spear             ||    30
       Tailslap          ||     3
Armor: Leather armour    ||     1
Dodge: Dodged            ||     6

Levels and vault maps discovered:
D:5:      layout_cave_pools, minmay_temple_entry_overgrown, chequers_big_river

Notes
Turn   | Place    | Note
-------+----------+-------------------------------------------
     0 | D:5      | Dracia the Merfolk Delver began the quest for the Orb.
     0 | D:5      | Reached XP level 1. HP: 18/18 MP: 1/1
    17 | D:5      | Reached XP level 2. HP: 15/24 MP: 2/2
   468 | D:5      | Noticed a scorpion
   472 | D:5      | HP: 1/24 [orc priest/+1 whip of electrocution (4)]
   474 | D:5      | Mangled by an orc

Vanquished Creatures
  A shadow imp (D:5)
  A white imp (D:5)
  An orc (D:5)
3 creatures vanquished.

Vanquished Creatures (others)
  4 plants (D:5)
4 creatures vanquished.

Grand Total: 7 creatures vanquished

Table legend: (Time is in decaauts)
 A = Elapsed time spent in this place.
 B = Non-inter-level travel time spent in this place.
 C = Inter-level travel time spent in this place.
 D = Time resting spent in this place.
 E = Time spent auto-exploring this place.
 F = Levels seen in this place.
 G = Mean time per level.
                   A        B        C        D        E       F      G
               +--------+--------+--------+--------+--------+-----+--------+
         Total |    439 |    439 |      0 |    263 |     43 |   1 |  439.0 |
       Dungeon |    439 |    439 |      0 |    263 |     43 |   1 |  439.0 |
               +--------+--------+--------+--------+--------+-----+--------+

Top non-repeatable levels by time:
     D:5: 439 daAuts

Table legend:
 A = Non-vault XP
 B = Vault XP
 C = Vault XP percentage of total XP
 D = Non-vault monster count
 E = Vault monster count
 F = Vault count percentage of total count
                 A         B        C        D         E       F
            +---------+---------+-------+---------+---------+-------
      Total |      25 |       0 |   0.0 |       3 |       0 |   0.0
            +---------+---------+-------+---------+---------+-------
        D:5 |      25 |       0 |   0.0 |       3 |       0 |   0.0
            +---------+---------+-------+---------+---------+-------
